 Dungeon Crawl Stone Soup version 0.17-a0-1626-g3031859 (webtiles) character file.

87 Pandaemon the Ruffian (level 4, -6/36 HPs)
             Began as a Draconian Transmuter on Aug 3, 2015.
             Was an Initiate of Gozag.
             Mangled by an orc
             ... wielding a +0 trident
              (7 damage)
             ... on level 3 of the Dungeon.
             The game lasted 00:06:09 (2144 turns).

Pandaemon the Ruffian (Draconian Transmuter)        Turns: 2144, Time: 00:06:10

Health: -6/36      AC:  8    Str: 13    XL:     4   Next: 28%
Magic:  7/7        EV: 12    Int: 14    God:    Gozag
Gold:   163        SH:  3    Dex: 11    Spells: 1 memorised, 6 levels left

rFire  . . .     SeeInvis .     g - +0 spear (pierce)
rCold  . . .     Clarity  .     (armour unavailable)
rNeg   + . .     SustAt   .     o - +0 buckler
rPois  .         Gourm    .     (helmet restricted)
rElec  .         Spirit   .     q - +2 cloak
rCorr  .         Warding  .     (no gloves)
rMut   .         Stasis   .     (no boots)
MR     .....                    (no amulet)
Stlth  +.........               (no ring)
                                k - ring of positive energy

@: not resistant to hostile enchantments, very unstealthy
A: unfitting armour, cold-blooded, AC +5
a: Potion Petition, Call Merchant, Bribe Branch, Renounce Religion


You were on level 3 of the Dungeon.
You worshipped Gozag.
Gozag was noncommittal.
You were not hungry.

You visited 1 branch of the dungeon, and saw 3 of its levels.

You collected 187 gold pieces.
You paid 24 gold pieces to Gozag.

Inventory:

Hand weapons
 g - a +0 spear of piercing (weapon)
Missiles
 a - 36 arrows
Armour
 e - a +0 cloak
 o - a +0 buckler (worn)
 q - a +2 cloak (worn)
Jewellery
 k - a ring of positive energy (left hand)
Magical devices
 n - a wand of heal wounds (5)
Scrolls
 h - a scroll of fear {unknown}
 i - a scroll of enchant weapon {unknown}
 m - a scroll of immolation {unknown}
 p - a scroll of fog {unknown}
 r - a scroll of identify {unknown}
Potions
 f - 2 potions of heal wounds {unknown}
 l - a potion of curing {unknown}
Books
 b - a book of Changes

   Spells                             Type                      Level
   a - Beastly Appendage              Transmutation                1
   b - Sticks to Snakes               Transmutation                2
   c - Spider Form                    Transmutation/Poison         3
   d - Ice Form                       Ice/Transmutation            4
   e - Blade Hands                    Transmutation                5
Comestibles
 c - 2 bread rations
 d - 2 meat rations
 j - 4 fruits


   Skills:
 + Level 2.1 Fighting
 + Level 0.4 Polearms
 + Level 2.8 Dodging
 + Level 0.4 Stealth
 + Level 0.2 Shields
 + Level 3.6 Unarmed Combat
 + Level 2.0 Spellcasting
 + Level 2.2 Transmutations


You had 6 spell levels left.
You knew the following spells:

 Your Spells              Type           Power        Failure   Level  Hunger
a - Beastly Appendage     Trmt           #.....       17%         1    ##.....


Dungeon Overview and Level Annotations

Branches:
Dungeon (3/15)

Altars:
Gozag
Vehumet

Shops:
D:2 *


Innate Abilities, Weirdness & Mutations

Your plain brown scales are hard (AC +5).
Your body does not fit into most forms of armour.
You are cold-blooded and may be slowed by cold attacks.


Message History

The puff of frost misses you.
The orc hits you from afar with a trident.
* * * LOW HITPOINT WARNING * * *
You hit the orc wizard but do no damage.
The orc wizard is almost dead.
The orc wizard hits you but does no damage.
The orc misses you.
You hit the orc wizard.
The orc wizard is almost dead.
The orc wizard mumbles some strange words.
The orc wizard seems to speed up.
The orc closely misses you.
You closely miss the orc wizard.
The orc wizard is almost dead.
The orc wizard barely misses you.
The orc wizard points at you and mumbles some strange words.
The magic dart hits you!
* * * LOW HITPOINT WARNING * * *
The orc hits you from afar with a trident!
You die...
Your body crumbles into a pile of gold.

#.... ..# #.... ..#
#.... ..# #....
##+####.# #..[.
#.......#
######....
#....o..#
#...##....
......o.#
#...##..(. ##@###
#........# #....#
##.......#
#....######.......#
#....'....'.......+
#....######.......#
#....# #.......#
########....#
#.......#
#...........#
#.......#
#....)......#
#.......#


You could see an orc wizard and an orc.

Vanquished Creatures
  3 adders
  A worm (D:3)
  3 giant geckos
  An orc (D:3)
  A ball python (D:3)
  7 bats
  2 giant cockroaches
  5 hobgoblins
  4 jackals (D:2)
  2 quokkas (D:2)
  5 giant newts
  6 goblins
  4 kobolds
  8 rats
52 creatures vanquished.

Notes
Turn   | Place    | Note
--------------------------------------------------------------
     0 | D:1      | Pandaemon the Draconian Transmuter began the quest for the Orb.
     0 | D:1      | Reached XP level 1. HP: 16/16 MP: 3/3
   118 | D:1      | Reached XP level 2. HP: 18/23 MP: 5/5
   784 | D:2      | Reached XP level 3. HP: 20/28 MP: 6/6
   835 | D:2      | Found a faded altar to an unknown god.
   936 | D:2      | Found an opulent altar of Gozag.
   941 | D:2      | Found Gozag's Platinum Reserve.
  1092 | D:2      | Found a radiant altar of Vehumet.
  1621 | D:2      | Became a worshipper of Gozag Ym Sagoz the Greedy
  1815 | D:3      | Reached XP level 4. HP: 9/36 MP: 7/7
  2144 | D:3      | HP: 1/36 [orc wizard/magic dart (2)]
  2144 | D:3      | Mangled by an orc

Vault maps used:
D:1:      minmay_arrival_hallway, kennysheep_decorative_pillar
D:2:      vehumet_crystals, ecumenical_altar_2, nicolae_gozag_zags_fifth_avenue
D:3:      lemuel_crystal_altar

Action                   |  1- 3 |  4- 6 || total
-------------------------+-------+-------++-------
Melee: Unarmed           |    50 |       ||    50
       Spear             |   129 |    25 ||   154
 Cast: Beastly Appendage |     1 |       ||     1
 Stab: Distracted        |     1 |       ||     1
  Eat: Bread ration      |     1 |       ||     1
